 Dungeon Crawl Stone Soup version 0.30-a0-141-g30f27751c5 (webtiles) character file.

Game seed: 7402601379712212973

2296 qw the Cleaver (level 9, -1/56 HPs)
             Began as a Gargoyle Fighter on Sept 25, 2022.
             Slain by Maggie
             ... wielding a +3 glaive of pain
              (6 damage)
             ... on level 8 of the Dungeon.
             The game lasted 00:02:35 (6745 turns).

qw the Cleaver (Gargoyle Fighter)                   Turns: 6745, Time: 00:02:35

Health: -1/56      AC: 21    Str: 22    XL:     9   Next: 40%
Magic:  9/9        EV:  8    Int: 14    God:
Gold:   236        SH:  5    Dex: 14    Spells: 8/8 levels left

rFire   . . .      SeeInvis .    u - +2 war axe (holy)
rCold   . . .      Faith    .    c - +0 buckler
rNeg    + . .      Spirit   .    s - +0 chain mail
rPois   inf        Reflect  .    i - +0 helmet
rElec   +          Harm     .    f - +0 cloak
rCorr   .          Rampage  .    (no gloves)
Will    .....                    j - +2 pair of boots
Stlth   ..........               b - amulet of the acrobat
HPRegen 0.18/turn                l - +4 ring of slaying {mikee}
MPRegen 0.11/turn                t - +6 ring of dexterity

@: about to teleport, mesmerised
A: sickness immunity, AC +6, negative energy resistance 1, electricity
resistance, torment resistance 1, petrification resistance, hooves 1, clever 1,
screaming 1, wild magic 1
a: no special abilities


You were on level 8 of the Dungeon.
You visited 1 branch of the dungeon, and saw 8 of its levels.

You collected 470 gold pieces.
You spent 234 gold pieces at shops.


Innate Abilities, Weirdness & Mutations

You are immune to sickness and miasma.
Your stone body is resilient. (AC +6)
You are immune to poison.
You resist negative energy. (rN+)
You are resistant to electric shocks. (rElec)
You are resistant to unholy torment.
You are immune to petrification.
You have large cloven feet.
Your mind is acute. (Int +4, Str/Dex -1)
You occasionally shout uncontrollably at your foes.
Your spells are a little harder to cast, but a little more powerful.


   Skills:
 + Level 6.7 Fighting
 - Level 9.0 Axes
 - Level 1.5 Throwing
 - Level 5.1 Armour
 - Level 2.0 Dodging
 - Level 4.0 Shields


You had 8 spell levels left.
You didn't know any spells.
Your spell library was empty.

Inventory:

Hand Weapons
 m - a +0 morningstar
 u - a +2 war axe of holy wrath (weapon)
Missiles
 v - 2 boomerangs (quivered)
Armour
 c - a +0 buckler (worn)
 f - a +0 cloak (worn)
 i - a +0 helmet (worn)
 j - a +2 pair of boots (worn)
 s - a +0 chain mail (worn)
 w - a +1 robe of resistance
Jewellery
 b - an amulet of the acrobat (around neck)
 l - a +4 ring of slaying (left hand) {mikee}
 t - a +6 ring of dexterity (right hand)
Scrolls
 h - a scroll of teleportation
 r - a scroll of identify
Potions
 a - 2 potions of mutation
 d - 3 potions of might
 e - a potion of brilliance {unknown}
 g - a potion of resistance {unknown}
 k - a potion of ambrosia {unknown}
 n - a potion of invisibility {unknown}
 o - 5 potions of attraction
 p - 8 potions of curing
 q - a potion of haste

Dungeon Overview and Level Annotations

Branches:
Dungeon (8/15)             Temple (0/1) D:7
   Lair: D:8-11

Altars:
Dithmenos
Gozag
Trog
Yredelemnul

Shops:
D:5 !

Annotations:
D:7 1 runed translucent door
D:8 Maggie


Message History

You are mesmerised by Maggie!
You slash Maggie!
Maggie is moderately wounded.
Maggie mumbles some strange words.
Maggie draws you further into her thrall.
Maggie hits you but does no damage.
You hit Maggie but do no damage.
Maggie is moderately wounded.
Maggie hits you with a +3 glaive of pain!
You slash Maggie!
Maggie is moderately wounded.
Maggie casts a spell at you. The bolt of fire hits you.
You hit Maggie but do no damage.
Maggie is moderately wounded.
Maggie hits you with a +3 glaive of pain.
You writhe in agony.
You hit Maggie.
Maggie is heavily wounded.
Maggie hits you but does no damage.
You writhe in agony.
A kobold brigand comes into view.
It is wielding a +0 short sword and quivering poisoned darts.
You closely miss Maggie.
Maggie is heavily wounded.
You block Maggie's attack.
You slash Maggie!
Maggie is severely wounded.
Maggie hits you but does no damage.
You slash Maggie!
Maggie is severely wounded.
Maggie hits you but does no damage.
Maggie points at you and mumbles some strange words.
The bolt of fire hits you!
You slash Maggie!
Maggie is almost dead.
Maggie hits you with a +3 glaive of pain!
6745 ||| READING 2 scrolls of teleportation.
As you read the scroll of teleportation, it crumbles to dust.
You feel strangely unstable.
Maggie hits you with a +3 glaive of pain.
You die...

.... ..... ....#
..... ### .....#
..# .....# #K#
[....# #c# .....#
#@# .....# #@#
####.# #)# #.# #.#
####.# #.# .....#
#.# ..)..# #.#
.....###########.#
.###...........#.#
.# ###########.#.#


You could see Maggie (mesmerising), a centaur warrior and a kobold brigand.

Vanquished Creatures
  2 water moccasins (D:7)
  2 sky beasts (D:7)
  An ice beast (D:6)
  A centaur (D:8)
  2 phantoms
  2 kobold brigands
  3 scorpions
  2 bullfrogs
  2 necrophages
  3 wights
  5 howler monkeys
  2 hounds (D:7)
  2 gnoll boudas (D:7)
  2 iguanas
  4 orc priests
  Jessica (D:2)
  4 orc wizards
  Robin (D:2)
  6 gnolls (D:7)
  4 adders
  A shadow imp (D:6)
  2 worms (D:3)
  3 dart slugs
  32 orcs
  3 ball pythons
  3 bats (D:1)
  9 endoplasms
  2 giant cockroaches
  9 goblins
  8 hobgoblins
  4 jackals (D:1)
  3 quokkas
  3 frilled lizards
  A goblin zombie (D:7)
  10 kobolds
  10 rats
154 creatures vanquished.

Notes
Turn   | Place    | Note
-------+----------+-------------------------------------------
     0 | D:1      | qw the Gargoyle Fighter began the quest for the Orb.
     0 | D:1      | Reached XP level 1. HP: 14/14 MP: 1/1
     0 | D:1      | 0 ||| qw: Version: 0.2-a-10-g399e6c4
     0 | D:1      | 0 ||| qw: Game counter: 223
     0 | D:1      | 0 ||| qw: Always use a shield: true
     0 | D:1      | 0 ||| qw: God list: Okawaru
     0 | D:1      | 0 ||| qw: Allow faded altars: false
     0 | D:1      | 0 ||| qw: Do Orc after D:15 true
     0 | D:1      | 0 ||| qw: Do second Lair branch before Depths: true
     0 | D:1      | 0 ||| qw: Lair rune preference: random
     0 | D:1      | 0 ||| qw: Plans: Normal, Zot:1-4, God:TSO, Crypt, Tomb,
                  | Pan, Slime:5, Hells, Abyss, Orb
     0 | D:1      | 0 ||| PLANNING D:1-11
     8 | D:1      | 8 ||| Stepping ~*~*~tactically~*~*~ (stealth).
    15 | D:1      | Reached skill level 2 in Axes
   110 | D:1      | Reached XP level 2. HP: 18/19 MP: 2/2
   467 | D:1      | 467 ||| Stepping ~*~*~tactically~*~*~ (hiding).
   469 | D:1      | 469 ||| Stepping ~*~*~tactically~*~*~ (hiding).
   594 | D:1      | Found a faded altar of an unknown god.
   666 | D:1      | Reached skill level 3 in Axes
   666 | D:1      | 666 ||| Stepping ~*~*~tactically~*~*~ (stealth).
   933 | D:1      | Reached XP level 3. HP: 23/23 MP: 3/3
  1097 | D:1      | 1097 ||| UPGRADING to +1 pair of boots.
  1102 | D:1      | 1102 ||| UPGRADING to +0 cloak.
  1107 | D:1      | 1107 ||| UPGRADING to +4 ring of slaying {mikee}.
  1108 | D:1      | 1108 ||| READING 2 scrolls labelled TOSUSOTEUTEG.
  1109 | D:1      | 1109 ||| READING scroll labelled VISOAM AGOELOE.
  1110 | D:1      | 1110 ||| READING scroll labelled OFAOSE MULIKUO.
  1111 | D:1      | 1111 ||| DRINKING 2 coppery potions.
  1112 | D:1      | 1112 ||| DROPPING scroll of fear.
  1342 | D:2      | 1342 ||| Stepping ~*~*~tactically~*~*~ (stealth).
  1344 | D:2      | 1344 ||| Stepping ~*~*~tactically~*~*~ (stealth).
  1346 | D:2      | 1346 ||| Stepping ~*~*~tactically~*~*~ (stealth).
  1347 | D:2      | 1347 ||| Stepping ~*~*~tactically~*~*~ (stealth).
  1354 | D:2      | 1354 ||| Stepping ~*~*~tactically~*~*~ (stealth).
  1361 | D:2      | 1361 ||| Stepping ~*~*~tactically~*~*~ (stealth).
  1373 | D:2      | 1373 ||| Stepping ~*~*~tactically~*~*~ (stealth).
  1376 | D:2      | 1376 ||| Stepping ~*~*~tactically~*~*~ (hiding).
  1378 | D:2      | 1378 ||| Stepping ~*~*~tactically~*~*~ (hiding).
  1381 | D:2      | Noticed Robin
  1390 | D:2      | Killed Robin
  1526 | D:2      | Reached XP level 4. HP: 28/28 MP: 4/4
  1649 | D:2      | Noticed Jessica
  1652 | D:2      | Killed Jessica
  1653 | D:2      | Reached skill level 4 in Axes
  1722 | D:2      | 1722 ||| DROPPING +0 club.
  1863 | D:2      | 1863 ||| UPGRADING to +0 helmet.
  1868 | D:2      | 1868 ||| UPGRADING to +2 pair of boots.
  1878 | D:2      | 1878 ||| DROPPING +1 pair of boots.
  1879 | D:2      | 1879 ||| READING scroll labelled BIYRAE WUISKUVYRE.
  1932 | D:3      | 1932 ||| FLEEEEING.
  1933 | D:3      | 1933 ||| FLEEEEING.
  1936 | D:3      | 1936 ||| STAIRDANCE
  2028 | D:3      | 2028 ||| Stepping ~*~*~tactically~*~*~ (stealth).
  2034 | D:3      | 2034 ||| Stepping ~*~*~tactically~*~*~ (stealth).
  2053 | D:3      | 2053 ||| Stepping ~*~*~tactically~*~*~ (stealth).
  2058 | D:3      | 2058 ||| Stepping ~*~*~tactically~*~*~ (stealth).
  2070 | D:3      | 2070 ||| Stepping ~*~*~tactically~*~*~ (stealth).
  2071 | D:3      | 2071 ||| Stepping ~*~*~tactically~*~*~ (stealth).
  2090 | D:3      | 2090 ||| DRINKING potion of curing.
  2090 | D:3      | 2090 ||| (to cure confusion)
  2093 | D:3      | Reached XP level 5. HP: 18/32 MP: 5/5
  2307 | D:3      | 2307 ||| DROPPING +6 club.
  2377 | D:3      | 2377 ||| Stepping ~*~*~tactically~*~*~ (stealth).
  2391 | D:3      | Reached skill level 5 in Axes
  2421 | D:3      | 2421 ||| Stepping ~*~*~tactically~*~*~ (stealth).
  2422 | D:3      | 2422 ||| Stepping ~*~*~tactically~*~*~ (stealth).
  2478 | D:3      | 2478 ||| FLEEEEING.
  2600 | D:3      | 2600 ||| DROPPING +0 flail.
  2639 | D:3      | 2639 ||| Stepping ~*~*~tactically~*~*~ (stealth).
  2641 | D:3      | 2641 ||| Stepping ~*~*~tactically~*~*~ (hiding).
  2642 | D:3      | 2642 ||| Stepping ~*~*~tactically~*~*~ (hiding).
  2871 | D:3      | 2871 ||| FLEEEEING.
  2872 | D:3      | 2872 ||| FLEEEEING.
  2873 | D:3      | 2873 ||| FLEEEEING.
  2874 | D:3      | 2874 ||| FLEEEEING.
  2875 | D:3      | 2875 ||| FLEEEEING.
  2876 | D:3      | 2876 ||| FLEEEEING.
  2877 | D:3      | 2877 ||| FLEEEEING.
  2878 | D:3      | 2878 ||| FLEEEEING.
  2879 | D:3      | 2879 ||| FLEEEEING.
  2880 | D:3      | 2880 ||| FLEEEEING.
  2881 | D:3      | 2881 ||| FLEEEEING.
  2882 | D:3      | 2882 ||| FLEEEEING.
  2990 | D:3      | 2990 ||| Stepping ~*~*~tactically~*~*~ (stealth).
  2992 | D:3      | 2992 ||| Stepping ~*~*~tactically~*~*~ (stealth).
  3132 | D:3      | 3132 ||| READING scroll labelled BEMETE YM BECH.
  3133 | D:3      | 3133 ||| READING scroll labelled MIFFU HYLONKE.
  3142 | D:4      | 3142 ||| STAIRDANCE
  3251 | D:4      | Reached XP level 6. HP: 36/38 MP: 6/6
  3857 | D:4      | 3857 ||| READING scroll labelled PADOYWK MEBLY.
  3958 | D:4      | 3958 ||| READING scroll labelled IQOSOU MUXE.
  3959 | D:4      | 3959 ||| DRINKING 2 smoky amethyst potions.
  3959 | D:4      | Gained mutation: You occasionally shout uncontrollably at
                  | your foes. [potion of mutation]
  3959 | D:4      | Gained mutation: You have large cloven feet. [potion of
                  | mutation]
  3959 | D:4      | Gained mutation: Your spells are a little harder to cast,
                  | but a little more powerful. [potion of mutation]
  3959 | D:4      | Gained mutation: Your mind is acute. (Int +4, Str/Dex -1)
                  | [potion of mutation]
  3960 | D:4      | 3960 ||| DRINKING 2 bubbling white potions.
  3961 | D:4      | 3961 ||| DRINKING 2 white potions.
  4066 | D:4      | 4066 ||| DROPPING potion of berserk rage.
  4084 | D:5      | Entered Level 5 of the Dungeon
  4203 | D:5      | Reached XP level 7. HP: 43/43 MP: 7/7
  4218 | D:5      | Found a shadowy altar of Dithmenos.
  4314 | D:5      | 4314 ||| Stepping ~*~*~tactically~*~*~ (stealth).
  4333 | D:5      | 4333 ||| Stepping ~*~*~tactically~*~*~ (hiding).
  4343 | D:5      | Reached skill level 6 in Axes
  4456 | D:5      | Found Kesean's Distillery.
  4459 | D:5      | 4459 ||| BUYING 2 potions of attraction (78 gold).
  4459 | D:5      | Bought 2 potions of attraction for 78 gold pieces
  4459 | D:5      | 4459 ||| BUYING 2 potions of curing (78 gold).
  4459 | D:5      | Bought 2 potions of curing for 78 gold pieces
  4459 | D:5      | 4459 ||| BUYING potion of attraction (39 gold).
  4459 | D:5      | Bought a potion of attraction for 39 gold pieces
  4459 | D:5      | 4459 ||| SHOPLISTING potion of cancellation (104 gold, have
                  | 55).
  4459 | D:5      | 4459 ||| BUYING potion of curing (39 gold).
  4459 | D:5      | Bought a potion of curing for 39 gold pieces
  4459 | D:5      | 4459 ||| SHOPLISTING potion of lignification (39 gold, have
                  | 16).
  4459 | D:5      | 4459 ||| SHOPLISTING potion of might (52 gold, have 16).
  4497 | D:5      | 4497 ||| UPGRADING to +3 ring mail.
  4507 | D:5      | 4507 ||| DROPPING +0 scale mail.
  4508 | D:5      | 4508 ||| UPGRADING to +6 ring of dexterity.
  4509 | D:5      | 4509 ||| READING 2 scrolls labelled HIEH BIOMIL.
  4510 | D:5      | 4510 ||| READING scroll labelled EBBUEL DIROCK.
  4571 | D:5      | 4571 ||| DRINKING 2 fizzy orange potions.
  4572 | D:5      | 4572 ||| DROPPING scroll of noise.
  4723 | D:6      | Reached skill level 7 in Axes
  5089 | D:6      | 5089 ||| Stepping ~*~*~tactically~*~*~ (stealth).
  5097 | D:6      | Reached XP level 8. HP: 48/49 MP: 8/8
  5126 | D:6      | 5126 ||| UPGRADING to +0 chain mail.
  5136 | D:6      | 5136 ||| DROPPING +3 ring mail.
  5137 | D:6      | 5137 ||| UPGRADING to amulet of the acrobat.
  5177 | D:7      | HP: 7/49 [iguana (9)]
  5178 | D:7      | 5178 ||| READING 5 scrolls of teleportation.
  5178 | D:7      | HP: 3/49 [something (2)]
  5179 | D:7      | 5179 ||| DRINKING 2 potions of heal wounds.
  5182 | D:7      | 5182 ||| DRINKING potion of heal wounds.
  5198 | D:7      | Reached skill level 8 in Axes
  5207 | D:7      | 5207 ||| Stepping ~*~*~tactically~*~*~ (hiding).
  5209 | D:7      | 5209 ||| Stepping ~*~*~tactically~*~*~ (hiding).
  5218 | D:7      | HP: 8/49 [orc priest/divine providence (15)]
  5219 | D:7      | 5219 ||| Stepping ~*~*~tactically~*~*~ (hiding).
  5220 | D:7      | 5220 ||| READING 4 scrolls of teleportation.
  5224 | D:7      | 5224 ||| READING 3 scrolls of teleportation.
  5225 | D:7      | HP: 2/49 [bullfrog (7)]
  5608 | D:7      | Reached skill level 6 in Fighting
  5699 | D:7      | 5699 ||| Stepping ~*~*~tactically~*~*~ (hiding).
  5744 | D:7      | 5744 ||| SWAPPING to +2 war axe of holy wrath.
  5745 | D:7      | 5745 ||| DROPPING +0 war axe.
  5767 | D:7      | Found a staircase to the Ecumenical Temple.
  5775 | D:7      | 5775 ||| Stepping ~*~*~tactically~*~*~ (stealth).
  5785 | D:7      | 5785 ||| Stepping ~*~*~tactically~*~*~ (stealth).
  5790 | D:7      | Reached skill level 1 in Throwing
  5790 | D:7      | Reached XP level 9. HP: 35/55 MP: 9/9
  5790 | D:7      | 5790 ||| Stepping ~*~*~tactically~*~*~ (hiding).
  5910 | D:7      | Found an opulent altar of Gozag.
  5929 | D:7      | 5929 ||| Stepping ~*~*~tactically~*~*~ (hiding).
  5933 | D:7      | 5933 ||| Stepping ~*~*~tactically~*~*~ (hiding).
  5937 | D:7      | Reached skill level 9 in Axes
  5937 | D:7      | 5937 ||| Stepping ~*~*~tactically~*~*~ (hiding).
  6020 | D:7      | 6020 ||| Stepping ~*~*~tactically~*~*~ (stealth).
  6026 | D:7      | 6026 ||| Stepping ~*~*~tactically~*~*~ (stealth).
  6057 | D:7      | Found a runed translucent door.
  6144 | D:7      | Noticed a moth of wrath
  6199 | D:7      | Found a basalt altar of Yredelemnul.
  6365 | D:7      | 6365 ||| Stepping ~*~*~tactically~*~*~ (stealth).
  6369 | D:7      | Found a bloodstained altar of Trog.
  6518 | D:8      | 6518 ||| STAIRDANCE
  6590 | D:8      | 6590 ||| STAIRDANCE
  6647 | D:8      | Identified the +9 sling "Zunael" {vorpal, rElec rN+ Str+6}
  6731 | D:8      | Noticed Maggie
  6732 | D:8      | 6732 ||| FLEEEEING.
  6733 | D:8      | Noticed a centaur warrior
  6744 | D:8      | HP: 5/56 [Maggie/+3 glaive of pain (12)]
  6745 | D:8      | 6745 ||| READING 2 scrolls of teleportation.
  6745 | D:8      | Slain by Maggie

Levels and vault maps discovered:
D:1:      denvon_arrival_waterhouse, layout_rooms, basic_ecumenical_altar
D:2:      layout_basic, solitary_fountain, st_stairs_12,
          minmay_misc_feat_four_crosses, uniq_jessica, uniq_robin
D:3:      layout_basic
D:4:      layout_basic
D:5:      layout_rooms, mainiacjoe_overflow_surrounded_room, serial_shops,
          kennysheep_mini_moat
D:6:      layout_basic, minmay_stone_trees_small
D:7:      layout_cave_pools, dk_yredelemnul_ordeal, grunt_gozag_statues,
          tgw_trog, minmay_temple_entry_glassed_door, st_stairs_14,
          minmay_quadrilaterals
D:8:      minmay_the_grid_octo_triangle [minmay_the_grid_octo_odd_swirl,
          minmay_the_grid_octo_prize_star, minmay_the_grid_octo_checkerflower],
          layout_basic, amcnicky_altar_gilded, uniq_maggie, uniq_psyche

Skill      XL: |  1  2  3  4  5  6  7  8  9 |
---------------+----------------------------+-----
Axes           | 2 3 4 5 7 8 9 |  9.0
Fighting       | 4 5 6 |  6.7
Dodging        | 2 |  2.0
Armour         | 4 5 |  5.1
Throwing       | 1 |  1.5
Shields        | 4 |  4.0

Action                   |  1- 3 |  4- 6 |  7- 9 || total
-------------------------+-------+-------+-------++-------
Melee: War axe           |    91 |   128 |   188 ||   407
Throw: Boomerang         |       |       |    23 ||    23
  Use: Scroll            |     3 |     5 |     6 ||    14
       Potion            |     1 |     4 |     3 ||     8
Armor: Scale mail        |    50 |    64 |    15 ||   129
       Ring mail         |       |       |    16 ||    16
       Chain mail        |       |       |   108 ||   108
Dodge: Dodged            |    41 |    41 |    95 ||   177
Block: Buckler           |    17 |    24 |    47 ||    88

Table legend:
 A = Non-vault XP
 B = Vault XP
 C = Vault XP percentage of total XP
 D = Non-vault monster count
 E = Vault monster count
 F = Vault count percentage of total count
                 A         B        C        D         E       F
            +---------+---------+-------+---------+---------+-------
      Total |    2666 |     615 |  18.7 |     127 |      27 |  17.5
            +---------+---------+-------+---------+---------+-------
        D:1 |      34 |       0 |   0.0 |      19 |       0 |   0.0
        D:2 |      13 |      75 |  85.2 |       8 |      14 |  63.6
        D:3 |     171 |       0 |   0.0 |      30 |       0 |   0.0
        D:4 |     239 |       0 |   0.0 |      13 |       0 |   0.0
        D:5 |     227 |       0 |   0.0 |       8 |       0 |   0.0
        D:6 |     457 |       0 |   0.0 |       7 |       0 |   0.0
        D:7 |    1302 |     540 |  29.3 |      37 |      13 |  26.0
        D:8 |     223 |       0 |   0.0 |       5 |       0 |   0.0
            +---------+---------+-------+---------+---------+-------
